 Adventure DCSS version bcrawl-1.23.1-30-gcf7fa35852 (webtiles) character file.

Game seed: 4537056744828454586

10 diana the Twirler (level 2, 23/23 HPs)
             Began as a Demonspawn Gladiator on May 29, 2020.
             Quit the game on level 2 of the Dungeon.
             The game lasted 00:01:12 (1294 turns).

diana the Twirler (Demonspawn Gladiator)            Turns: 1294, Time: 00:01:12

Health: 23/23      AC:  5    Str: 15    XL:     2   Next: 10%
Magic:  2/2        EV: 12    Int:  9    God:
Gold:   67         SH:  0    Dex: 14    Spells: 1/1 levels left
                                        Lives:  1   Deaths: 1

rFire    . . .     SeeInvis .   a - +0 quarterstaff
rCold    . . .     Gourm    .   (shield currently unavailable)
rNeg     . . .     Faith    .   b - +0 leather armour
rPois    .         Spirit   .   c - +0 helmet
rElec    .         Reflect  .   j - +0 cloak
rCorr    .         Harm     .   (no gloves)
MR       .....                  (no boots)
Stlth    +.........             (no amulet)
HPRegen  0.07/turn              (no ring)
MPRegen  0.08/turn              (no ring)

@: no status effects
A: claws 1, talons 1
a: no special abilities


You were on level 2 of the Dungeon.
You were not hungry.

You visited 1 branch of the dungeon, and saw 2 of its levels.

You collected 67 gold pieces.

Inventory:

Hand Weapons
 a - a +0 quarterstaff (weapon)
Missiles
 d - 3 throwing nets (quivered) {!f}
Armour
 b - a +0 leather armour (worn)
 c - a +0 helmet (worn)
 j - a +0 cloak (worn)
Jewellery
 i - a cursed ring of teleportation {unknown}
Potions
 f - a potion of brilliance {unknown}
 g - a potion of cancellation {unknown}
 h - a potion of mutation {unknown}
Comestibles
 e - 3 rations {!d}


   Skills:
 + Level 2.5 Fighting
 * Level 3.5 Staves
 - Level 1.7 Throwing
 - Level 2.6 Dodging


You had one spell level left.
You didn't know any spells.
Your spell library was empty.

Dungeon Overview and Level Annotations

Branches:
Dungeon (2/12)

Altars:


Innate Abilities, Weirdness & Mutations

You have sharp fingernails.
You have sharp toenails.


Message History

Deactivating autopickup; reactivate with Ctrl-A.
Something hits you. Something shocks you.
No target in view!
Something hits you. Something shocks you.
Something hits you but does no damage.
You hit something. Something hits you. Something shocks you.
* * * LOW HITPOINT WARNING * * *
You barely miss something. Something hits you but does no damage.
You hit something. Something barely misses you.
Something hits you but does no damage.
You miss something. Your kick misses something. Something hits you.
* * * LOW HITPOINT WARNING * * *
Something shocks you.
You die...
Xom reaches out...
You are now level 2!
You rejoin the land of the living...
Unknown command.
No path to travel!
Are you sure you want to abandon this character and quit the game? (Confirm with "yes".)

...........# #.....#.###.#.##
...........# ###'######..#†..
.#.........+ ##.....###...'.#.
.#....####.# ##.....###....#.).
......# #..# ##.....###.....#...
......###..# ##..÷..###.....##.#.
...........###.(÷..###.....###.#.
.#..........####'#######'#####.#.
.####...........@..............#.
.# #..............#############
## #..............#
#.......)..##### #.......##.####
#.......##....# ###+###.##.##.#
#. ####.# #....#


There were no monsters in sight!

Vanquished Creatures
  An adder (D:2)
  A worm (D:2)
  2 leopard geckos
  A giant cockroach (D:2)
  2 goblins
  2 hobgoblins (D:2)
  3 bats
  A frilled lizard (D:2)
  4 kobolds
  4 rats
21 creatures vanquished.

Notes
Turn   | Place    | Note
-------+----------+-------------------------------------------
     0 | D:1      | diana the Demonspawn Gladiator began the quest for the Orb.
     0 | D:1      | Reached XP level 1. HP: 16/16 MP: 1/1
   624 | D:1      | Reached skill level 3 in Staves
   956 | D:2      | Noticed a sky beast
   974 | D:2      | Gained mutation: You have sharp toenails. [demonic
                  | ancestry]
   974 | D:2      | Reached XP level 2. HP: 21/22 MP: 2/2
  1090 | D:2      | Gained mutation: You have sharp fingernails. [demonic
                  | ancestry]
  1090 | D:2      | Reached XP level 3. HP: 19/28 MP: 3/3
  1293 | D:2      | HP: 1/28 [something (4)]
  1293 | D:2      | Slain by a sky beast
  1294 | D:2      | Reached XP level 2. HP: -4/23 MP: 2/2
  1294 | D:2      | Quit the game

Skill      XL: |  1 |
---------------+----+-----
Staves         | 3 |  3.5
Fighting       | |  2.5
Throwing       | |  1.7
Dodging        | |  2.6

Action                   || total
-------------------------++-------
Melee: Quarterstaff      ||    57
       Kick              ||     8
 Stab: Sleeping          ||     1
  Eat: Chunk             ||     1
Armor: Leather armour    ||    15
Dodge: Dodged            ||    34
